 Dungeon Crawl Stone Soup version 0.29-a0-22-gbf593b16ee (webtiles) character file.

Game seed: 13430124942410688488

2064 oldriver the Covert (level 9, -6/55 HPs)
             Began as a Vampire Enchanter on Jan 30, 2022.
             Shot with an arrow by a centaur (11 damage)
             ... on level 8 of the Dungeon.
             The game lasted 00:22:14 (9599 turns).

oldriver the Covert (Vampire Enchanter)             Turns: 9599, Time: 00:22:15

Health: -6/55      AC:  4    Str:  7    XL:     9   Next: 5%
Magic:  8/17       EV: 12    Int: 26    God:
Gold:   377        SH:  0    Dex: 16    Spells: 6/19 levels left

rFire   . . .      SeeInvis +   o - +3 dagger (drain)
rCold   + + .      Faith    .   (no shield)
rNeg    + + +      Spirit   .   d - +0 robe
rPois   ∞          Reflect  .   (no helmet)
rElec   .          Harm     .   (no cloak)
rCorr   .          Rampage  .   (no gloves)
Will    .....                   j - +1 pair of boots
Stlth   ++++++....              (no amulet)
HPRegen 0.00/turn               h - +6 ring of intelligence
MPRegen 0.15/turn               (no ring)

@: about to teleport, bloodless, inhibited regen
A: bloodless, fangs 3, see invisible, vampiric 2
a: Bat Form, Revivify


You were on level 8 of the Dungeon.
You visited 1 branch of the dungeon, and saw 8 of its levels.
You also visited: Sewer.

You collected 377 gold pieces.

Inventory:

Hand Weapons
 b - a +0 hunting sling
 o - a +3 dagger of draining (weapon)
Missiles
 e - 361 stones
 g - 26 poisoned darts
Armour
 d - a +0 robe (worn)
 j - a +1 pair of boots (worn)
Jewellery
 h - a +6 ring of intelligence (left hand)
 x - a ring of ice
 y - a ring of protection from cold
Wands
 B - a wand of flame (7)
Scrolls
 a - 4 scrolls of identify
 f - a scroll of vulnerability
 i - a scroll of immolation
 k - 3 scrolls of teleportation
 n - a scroll of fog {unknown}
 p - 5 scrolls of magic mapping
 v - a scroll of enchant armour {unknown}
 w - a scroll of amnesia {unknown}
 A - a scroll of enchant weapon
Potions
 c - a potion of lignification {unknown}
 l - 2 potions of magic
 q - a potion of resistance {unknown}
 r - 2 potions of attraction {unknown}
 s - 2 potions of flight {unknown}
 t - a potion of might {unknown}
 u - a potion of mutation {unknown}
 z - a potion of degeneration {unknown}


   Skills:
 + Level 5.9 Fighting
 - Level 3.0 Short Blades
 - Level 2.1 Dodging
 + Level 8.9 Stealth
 + Level 5.9 Spellcasting
 + Level 8.6 Hexes


You had 6 spell levels left.
You knew the following spells:

 Your Spells              Type           Power      Damage    Failure   Level
a - Ensorcelled Hibernat  Hex/Ice        60%        N/A       1%          2
b - Call Imp              Summ           7%         N/A       11%         2
c - Confusing Touch       Hex            52%        N/A       1%          3
d - Dazzling Flash        Conj/Hex       60%        N/A       3%          3
t - Tukima's Dance        Hex            52%        N/A       1%          3

Your spell library contained the following spells:

 Spells                   Type           Power      Damage    Failure   Level
 Magic Dart               Conj           28%        1d4       7%          1
 Mephitic Cloud           Conj/Pois/Air  7%         N/A       22%         3
 Ozocubu's Armour         Ice            7%         N/A       22%         3
 Metabolic Englaciation   Hex/Ice        15%        N/A       32%         5
 Iskenderun's Mystic Bla  Conj/Tloc      7%         2d4       56%         4
 Simulacrum               Ice/Necr       3%         N/A       100%        6
 Starburst                Conj/Fire      3%         6d3       100%        6


Dungeon Overview and Level Annotations

Branches:
Dungeon (8/15)             Temple (0/1) D:6           Sewer (visited)
   Lair: D:8-11

Altars:

Annotations:
D:8 Harold


Innate Abilities, Weirdness & Mutations

You do not regenerate when monsters are visible.
You are frail without blood (-20% HP).
You can heal yourself when you bite living creatures.
You are immune to poison.
You have razor-sharp teeth.
You have supernaturally acute eyesight. (SInv)
You are afflicted with vampirism and can become a bat while bloodless.


Message History

You kill the killer bee!
You hear an angry buzzing noise.
The centaur shoots an arrow.
The arrow barely misses you.
The black bear growls angrily.
The centaur unwields a +0 shortbow.
The centaur barely misses you.
The centaur kicks you but does no damage.
The centaur barely misses you. The centaur kicks you.
* * * LOW HITPOINT WARNING * * *
You see here a killer bee corpse.
You hit the centaur.
The centaur is lightly wounded.
Casting: Dazzling Flash (dangerous; 3% risk of failure)
Confirm with . or Enter, or press ? or * to list all spells.
Casting: Dazzling Flash (dangerous; 3% risk of failure)
Press: ? - help, Dir - look around, f - activate The killer bee is dazzled.
The killer bee closely misses you. The killer bee stings you.
* * * LOW HITPOINT WARNING * * *
Unknown command.
You barely miss the centaur.
The centaur is lightly wounded.
The killer bee stings you but does no damage.
You strike the helpless killer bee from behind!
You impale the killer bee!!
You kill the killer bee!
As you read the scroll of teleportation, it crumbles to dust.
You feel strangely unstable.
The centaur is no longer blind.
The centaur wields a +0 shortbow.
The centaur shoots an arrow.
The arrow barely misses you. The black bear bites you.
* * * LOW HITPOINT WARNING * * *
The black bear claws you.
* * * LOW HITPOINT WARNING * * *
The black bear closely misses you.
You feel better.
The centaur shoots an arrow.
The arrow hits you.
* * * LOW HITPOINT WARNING * * *
The black bear bites you.
* * * LOW HITPOINT WARNING * * *
The black bear claws you but does no damage. x2
The centaur shoots an arrow.
The arrow hits you!
You die...

###......##.# ####
#.......## .# #..#
##.......#
#..###..####..#
#...##.## #.##
##.#....## #..##.#
#........###
#..c..#
#...####...###.##.
#. #..## ###...@.#
..# #..# #####h##
.... #..# #...#
..... ####
#...##.....#
#.....h.....
#....#..>...
#..... ..y..
.....##. ##..
........ .# .


You could see a black bear and a centaur.

Vanquished Creatures
  2 centaur zombies
  A wyvern (D:6)
  An orc warrior (D:7)
  A necrophage (D:6)
  A centaur (D:7)
  An ogre (D:5)
  A phantom (D:6)
  3 kobold brigands
  Blork the orc (D:6)
  2 scorpions (D:6)
  A wyvern skeleton (D:6)
  3 killer bees (D:8)
  A howler monkey (D:7)
  A bullfrog zombie (D:7)
  2 hounds
  An orc priest (D:6)
  Jessica (D:2)
  3 iguanas
  An orc wizard (D:7)
  A hound skeleton (D:3)
  2 howler monkey skeletons (D:7)
  7 adders
  5 gnolls
  2 shadow imps (D:5)
  A white imp (D:6)
  2 ufetubi (D:5)
  3 worms
  7 orcs
  7 endoplasms
  7 giant cockroaches
  9 goblins
  5 hobgoblins
  18 kobolds
  7 quokkas
  10 ball pythons
  7 bats
  7 frilled lizards
  10 rats
145 creatures vanquished.

Vanquished Creatures (collateral kills)
  A gnoll (D:7)
  An orc (D:6)
2 creatures vanquished.

Vanquished Creatures (others)
  34 fungi (D:8)
  24 plants (D:8)
58 creatures vanquished.

Grand Total: 205 creatures vanquished

Notes
Turn   | Place    | Note
-------+----------+-------------------------------------------
     0 | D:1      | oldriver the Vampire Enchanter began the quest for the Orb.
     0 | D:1      | Reached XP level 1. HP: 13/13 MP: 3/3
   135 | D:1      | Reached skill level 1 in Fighting
   366 | D:1      | Reached XP level 2. HP: 18/21 MP: 5/5
   442 | D:1      | Learned a level 2 spell: Ensorcelled Hibernation
   777 | D:1      | Found a faded altar of an unknown god.
  1467 | D:2      | Gained mutation: You are afflicted with vampirism and can
                  | become a bat while bloodless. [Vampire growth]
  1467 | D:2      | Reached XP level 3. HP: 27/27 MP: 6/6
  1711 | D:2      | Learned a level 3 spell: Confusing Touch
  2054 | D:2      | Noticed Jessica
  2070 | D:2      | Killed Jessica
  2071 | D:2      | Reached skill level 5 in Stealth
  2071 | D:2      | Reached XP level 4. HP: 34/34 MP: 4/7
  2343 | D:2      | Reached skill level 5 in Hexes
  2812 | D:3      | Reached XP level 5. HP: 41/41 MP: 1/8
  2970 | D:3      | Noticed a water moccasin
  4149 | D:4      | Learned a level 3 spell: Tukima's Dance
  4206 | D:4      | Noticed an ice beast
  4438 | D:5      | Entered Level 5 of the Dungeon
  4510 | D:5      | Found a glowing drain.
  4575 | Sewer    | Entered a sewer
  4819 | Sewer    | Reached XP level 6. HP: 38/38 MP: 10/10
  5414 | D:5      | Identified the +1 plate armour "Coedef" {Regen+}
  5555 | D:5      | Learned a level 3 spell: Dazzling Flash
  6102 | D:6      | Reached XP level 7. HP: 44/44 MP: 7/12
  6359 | D:6      | Found a staircase to the Ecumenical Temple.
  6595 | D:6      | Reached skill level 5 in Fighting
  6914 | D:6      | Noticed a wyvern
  6921 | D:6      | Killed a wyvern
  6954 | D:6      | Reached XP level 8. HP: 49/49 MP: 7/14
  7178 | D:6      | Reached skill level 5 in Spellcasting
  7481 | D:6      | Learned a level 2 spell: Call Imp
  7711 | D:6      | Noticed Blork the orc
  7726 | D:6      | Killed Blork the orc
  8337 | D:7      | Noticed a manticore
  9437 | D:8      | Noticed Harold
  9591 | D:8      | Reached XP level 9. HP: 26/55 MP: 13/17
  9599 | D:8      | Shot with an arrow by a centaur

Illustrated notes

Levels and vault maps discovered:
D:1:      sevenhm_arrival_forest_fort_large_4, layout_basic,
          basic_ecumenical_altar
D:2:      layout_basic, item_on_display_a, uniq_jessica
D:3:      minmay_inner_zag, layout_rooms, chequers_mini_garden
D:4:      layout_loops_ring, marbit_many_paths
D:5:      layout_loops_ring, gup_sewer_entry_pipe
D:6:      layout_loops_ring, minmay_temple_entry_trees, mrwooster_statue_mirror,
          uniq_blork_the_orc
D:7:      layout_rooms, jmf_multi_god_temple2, st_stairs_3
D:8:      layout_rooms, due_lair_maze_entry_diamond, minmay_misc_feat_encased,
          minmay_misc_feat_hallway, grunt_decor_fettered, uniq_harold,
          uniq_pikel

Skill      XL: |  1  2  3  4  5  6  7  8 |
---------------+-------------------------+-----
Fighting       | 1 2 3 4 5 |  5.9
Stealth        | 5 6 7 8 |  8.9
Hexes          | 5 7 8 |  8.6
Spellcasting   | 3 4 5 |  5.9
Short Blades   | 3 |  3.0
Dodging        | |  2.1

Action                   |  1- 3 |  4- 6 |  7- 9 || total
-------------------------+-------+-------+-------++-------
Melee: Dagger            |    53 |   144 |   165 ||   362
       Bite              |     3 |    14 |    22 ||    39
       Punch             |     1 |     1 |       ||     2
 Fire: Hunting sling     |    30 |       |       ||    30
Throw: Stone             |       |     1 |       ||     1
 Cast: Ensorcelled Hiber |    29 |    65 |    44 ||   138
       Confusing Touch   |       |     4 |     7 ||    11
       Dazzling Flash    |       |     1 |    10 ||    11
       Call Imp          |       |       |     5 ||     5
       Tukima's Dance    |       |       |     3 ||     3
 Abil: Exsanguinate      |       |     1 |       ||     1
  Use: Scroll            |       |     7 |     4 ||    11
       Potion            |       |     3 |     4 ||     7
 Stab: Sleeping          |    23 |    46 |    20 ||    89
       Confused          |       |     3 |     7 ||    10
       Invisible         |       |     2 |     6 ||     8
Armor: Robe              |    17 |    45 |    31 ||    93
Dodge: Dodged            |    53 |   102 |   109 ||   264

Table legend: (Time is in decaauts)
 A = Elapsed time spent in this place.
 B = Non-inter-level travel time spent in this place.
 C = Inter-level travel time spent in this place.
 D = Time resting spent in this place.
 E = Time spent auto-exploring this place.
 F = Levels seen in this place.
 G = Mean time per level.
                   A        B        C        D        E       F      G
               +--------+--------+--------+--------+--------+-----+--------+
         Total |   9653 |   9323 |    330 |   2842 |   4267 |   9 | 1072.6 |
       Dungeon |   8864 |   8534 |    330 |   2538 |   4001 |   8 | 1108.0 |
         Sewer |    789 |    789 |      0 |    304 |    266 |   1 |  789.0 |
               +--------+--------+--------+--------+--------+-----+--------+

Top non-repeatable levels by time:
     D:6: 2138 daAuts
     D:2: 1420 daAuts
     D:3: 1213 daAuts
     D:1: 1192 daAuts
     D:5: 1089 daAuts
     D:7: 1038 daAuts
   Sewer: 789 daAuts
     D:4: 608 daAuts
     D:8: 162 daAuts
